AoeStats
← kimbo

Arabia

509419484Analyzed
2v2 RM · 6d ago on Sep 26, 2026· 44m 3s· 4 players
Game mode
Random Map
Map size
Medium (4 player)
Population
200
Speed
Normal
Resources
Standard
Victory
Conquest
Starting age
Dark Age
Ending age
Imperial Age
RankedLock teamsTeams togetherTeam positionsShared explorationLock speedFull tech treeHidden civsTurbo modeCheats
Victory
Defeat
🇦🇷 Maya · Argentina
1340
+19
🇦🇷 Persians · Argentina
1328
+20
🇲🇽 Britons · Mexico
1467
-21
🇭🇳 Franks · Honduras
1366
-18
Pingocho
8:36 Feudal Age
8:37 Loom
9:00 Double-Bit Axe
20:26 Castle Age
19:17 Scale Barding Armor
19:04 Gold Mining
18:57 Horse Collar
20:13 Forging
20:21 Bloodlines
22:28 Wheelbarrow
22:55 Chain Barding Armor
23:59 Iron Casting
26:54 Gold Shaft Mining
26:54 Bow Saw
26:51 Heavy Plow
29:11 Husbandry
31:56 Stone Mining
38:38 Imperial Age
37:31 Fletching
39:10 Hand Cart
38:30 Cavalier
40:06 Plate Barding Armor
40:28 Crop Rotation
41:17 Two-Man Saw
41:50 Blast Furnace
40:59 Savar
42:23 Conscription
41:55 Light Cavalry
43:13 Hussar
kimbo
0:25 Loom
9:15 Feudal Age
14:02 Fletching
14:19 Double-Bit Axe
23:16 Castle Age
21:28 Horse Collar
21:40 Gold Mining
23:24 Crossbowman
24:00 Bodkin Arrow
24:24 Bow Saw
25:38 Padded Archer Armor
27:35 Wheelbarrow
31:09 Ballistics
33:36 Leather Archer Armor
33:25 Town Watch
34:41 Thumb Ring
40:03 Imperial Age
40:20 Arbalester
41:10 Bracer
41:30 Elite Skirmisher
44:15 Chemistry
44:03 Ring Archer Armor
SSVictorin
6:03 Loom
8:51 Feudal Age
9:39 Double-Bit Axe
14:46 Fletching
15:23 Padded Archer Armor
22:51 Castle Age
23:04 Crossbowman
23:51 Bodkin Arrow
26:38 Leather Archer Armor
27:39 Ballistics
32:00 Horse Collar
32:33 Bow Saw
36:11 Wheelbarrow
39:17 Imperial Age
37:45 Heavy Plow
37:52 Town Watch
38:24 Hand Cart
41:02 Chemistry
40:49 Bracer
40:18 Arbalester
Francisco Morazán
6:59 Loom
9:45 Feudal Age
22:59 Castle Age
21:17 Scale Barding Armor
21:20 Double-Bit Axe
25:46 Wheelbarrow
27:31 Forging
28:50 Chain Barding Armor
31:02 Bow Saw
31:52 Husbandry
35:41 Gold Mining
37:55 Iron Casting
41:32 Imperial Age
41:45 Gold Shaft Mining
41:32 Cavalier
42:56 Plate Barding Armor
Connection lost

Rejoining the realm…

Still unreachable

The connection could not be restored.

Session expired

The server has moved on; the page needs a fresh start.